 Dungeon Crawl Stone Soup version 0.31-a0-496-g6f97920a28 (webtiles) character file.

Game seed: 6692309087638015498

35 MisterAzrael the Caller (level 3, 0/24 HPs)
             Began as a Merfolk Summoner on Aug 8, 2023.
             Succumbed to an adder's poison
             ... on level 2 of the Dungeon on Aug 9, 2023.
             The game lasted 00:03:16 (1840 turns).

MisterAzrael the Caller (Merfolk Summoner)          Turns: 1840, Time: 00:03:16

Health: 0/24       AC:  2    Str:  8    XL:     3   Next: 33%
Magic:  1/6        EV: 12    Int: 16    God:
Gold:   16         SH:  0    Dex: 14    Spells: 1/7 levels left

rFire   + . .        f - staff of fire
rCold   . . .        (no shield)
rNeg    . . .        a - +0 robe
rPois   .            (no helmet)
rElec   .            (no cloak)
rCorr   .            (no gloves)
SInv    .            (no boots)
Will    +....        (no amulet)
Stlth   ++           d - ring of wizardry
HPRegen 0.24/turn    (no ring)
MPRegen 0.10/turn

%: wizardry (x1)
@: lethally poisoned (0 -> -2), enlightened, flying
A: (nimble swimmer 2), mertail
a: no special abilities


You were on level 2 of the Dungeon.
You visited 1 branch of the dungeon, and saw 2 of its levels.

You collected 16 gold pieces.

Inventory:

Armour
 a - a +0 robe (worn)
Magical Staves
 f - a staff of fire (weapon)
Jewellery
 d - a ring of wizardry (left hand)
 h - a ring of wizardry
Scrolls
 g - a scroll of identify {unknown}
Potions
 b - a potion of magic
 i - a potion of enlightenment


   Skills:
 - Level 2.6 Dodging
 - Level 2.1 Stealth
 + Level 2.5 Spellcasting
 * Level 4.7 Summonings


You had one spell level left.
You knew the following spells:

 Your Spells              Type           Power      Damage    Failure   Level
a - Summon Small Mammal   Summ           68%        N/A       1%          1
b - Call Imp              Summ           34%        N/A       1%          2
c - Summon Guardian Gole  Hex/Summ       9%         N/A       9%          3

Your spell library contained the following spells:

 Spells                   Type           Power      Damage    Failure   Level
 Call Canine Familiar     Summ           17%        N/A       3%          3
 Summon Lightning Spire   Summ/Air       9%         N/A       28%         4


Dungeon Overview and Level Annotations

Branches:
Dungeon (2/15)

Altars:


Innate Abilities, Weirdness & Mutations

((You are very nimble when in or above water. (Stealth+, EV+, Speed+++)))
Your lower body shifts to a powerful aquatic tail in water.


Message History

You feel sick. The jackal misses your cerulean imp.
The goblin hits your cerulean imp with a +0 dagger.
The rat barely misses your cerulean imp.
The endoplasm hits your cerulean imp. The adder barely misses you.
Your cerulean imp hits the endoplasm with a -3 spear.
* * * LOW HITPOINT WARNING * * *
You feel sick. The jackal misses your cerulean imp.
The goblin hits your cerulean imp with a +0 dagger.
The jackal bites your cerulean imp but does no damage.
Your cerulean imp hits the jackal but does no damage.
You swap places.
* * * LOW HITPOINT WARNING * * *
You feel sick.
Your bat misses the adder. The adder misses your bat.
The goblin hits your cerulean imp with a +0 dagger.
The jackal barely misses your cerulean imp.
The endoplasm closely misses your cerulean imp.
Your bat hits the adder but does no damage.
The adder closely misses your bat.
Your cerulean imp hits the jackal but does no damage.
* * * LOW HITPOINT WARNING * * *
You feel sick.
Your bat closely misses the adder.
The jackal barely misses your cerulean imp.
The goblin hits your cerulean imp but does no damage.
The endoplasm barely misses your cerulean imp.
Your cerulean imp completely misses the jackal.
You swap places.
* * * LOW HITPOINT WARNING * * *
You feel sick.
The jackal bites your cerulean imp but does no damage.
Your bat hits the adder. The adder barely misses your bat.
The goblin misses your cerulean imp. The jackal bites your cerulean imp.
Your bat hits the adder but does no damage.
Your cerulean imp hits the jackal with a -3 spear.
Okay, then.
As you read the scroll labelled DOBOVIXK IKIBBE, it crumbles to dust.
You assume a fearsome visage.
The endoplasm looks frightened!
The ball python looks frightened!
The endoplasm looks frightened!
The goblin looks frightened!
The jackal looks frightened! x2
The adder looks frightened!
It was a scroll of fear.
You die...

..#......(#
#.#.......#
#.#.......#
#.#.......#
#.#...l...#
#.#.......#
#####.##9g?J######
.........h5JhSSb.#
####..##...r####@#
###...##....# #.#
........#....# #.#
####....#..#.# #.#
# #.......#.# #.#
# #....#..#.. ...
.# ####.#..#####.#
#.# #.. #.#


You could see an adder (fleeing, ally target), 2 endoplasms, 2 jackals, a goblin
(fleeing), a ball python (fleeing), a friendly cerulean imp (summoned,
sheltered) and a friendly bat (summoned, sheltered).

Vanquished Creatures
  A hobgoblin (D:1)
1 creature vanquished.

Vanquished Creatures (collateral kills)
  A gnoll (D:1)
  A worm (D:2)
  A dart slug (D:1)
  A giant cockroach (D:1)
  3 jackals (D:1)
  A kobold (D:1)
  A quokka (D:1)
  3 ball pythons (D:1)
  2 bats (D:1)
  3 frilled lizards (D:1)
  2 rats (D:1)
19 creatures vanquished.

Grand Total: 20 creatures vanquished

Notes
Turn   | Place    | Note
-------+----------+-------------------------------------------
     0 | D:1      | MisterAzrael the Merfolk Summoner began the quest for the
                  | Orb.
     0 | D:1      | Reached XP level 1. HP: 13/13 MP: 3/3
   294 | D:1      | Reached XP level 2. HP: 8/19 MP: 1/5
   564 | D:1      | Learned a level 2 spell: Call Imp
   988 | D:1      | Reached XP level 3. HP: 21/24 MP: 2/6
   992 | D:1      | Learned a level 3 spell: Summon Guardian Golem
  1839 | D:2      | HP: 1/24 [poisoned by an adder]
  1840 | D:2      | Succumbed to an adder's poison

Illustrated notes

Levels and vault maps discovered:
D:1:      lemuel_arrival_rhombus, layout_basic
D:2:      layout_basic, shapermc_ecumenical_altar_pompeii, minivault_24

Action                     || total
---------------------------++-------
  Melee: Unarmed           ||     7
   Cast: Summon Small Mamm ||    23
         Call Imp          ||    11
         Summon Guardian G ||     3
    Use: Scroll            ||     2
         Potion            ||     2
   Stab: Distracted        ||     2
 Armour: Robe              ||    11
  Dodge: Dodged            ||    50

Table legend: (Time is in decaauts)
 A = Elapsed time spent in this place.
 B = Non-inter-level travel time spent in this place.
 C = Inter-level travel time spent in this place.
 D = Time resting spent in this place.
 E = Time spent auto-exploring this place.
 F = Levels seen in this place.
 G = Mean time per level.
                   A        B        C        D        E       F      G
               +--------+--------+--------+--------+--------+-----+--------+
         Total |   1838 |   1797 |     41 |    437 |   1003 |   2 |  919.0 |
       Dungeon |   1838 |   1797 |     41 |    437 |   1003 |   2 |  919.0 |
               +--------+--------+--------+--------+--------+-----+--------+

Top non-repeatable levels by time:
     D:1: 1718 daAuts
     D:2: 120 daAuts
